 Dungeon Crawl Stone Soup version 0.16.1-11-g651b585 (webtiles) character file.

191 vatarom the Ducker (level 5, -6/36 HPs)
             Began as an Octopode Transmuter on Mar 31, 2015.
             Was an Initiate of Qazlal.
             Mangled by Ijyb
             ... wielding a +7 club
              (13 damage)
             ... on level 3 of the Dungeon.
             The game lasted 00:04:54 (2385 turns).

vatarom the Ducker (Octopode Transmuter)            Turns: 2385, Time: 00:04:54

Health: -6/36      AC:  1    Str: 10    XL:     5   Next: 70%
Magic:  9/9        EV: 13    Int: 15    God:    Qazlal [......]
Gold:   149        SH:  0    Dex: 13    Spells: 3 memorised, 2 levels left

rFire  . . .     SeeInvis .       - Unarmed
rCold  . . .     Clarity  .     (no shield)
rNeg   . . .     SustAb   .     (helmet restricted)
rPois  .         Gourm    .     (no amulet)
rElec  .         Spirit   .     (no ring)
rCorr  .         Warding  .     (no ring)
rMut   .         Stasis   .     (no ring)
MR     .....                    (no ring)
Stlth  +++.......               (no ring)
                                (no ring)
                                (no ring)
                                (no ring)

@: not resistant to hostile enchantments, fairly stealthy
A: almost no armour, amphibious, 8 rings, constrict 8, camouflage 1, gelatinous
body 1
a: Renounce Religion


You were on level 3 of the Dungeon.
You worshipped Qazlal.
Qazlal was noncommittal.
You were not hungry.

You visited 1 branch of the dungeon, and saw 3 of its levels.

You collected 149 gold pieces.

Inventory:

Missiles
 b - 39 arrows
 l - 23 arrows of dispersal
Scrolls
 c - 4 scrolls of identify
 h - 2 scrolls of amnesia
 k - a scroll of remove curse
Potions
 e - a potion of restore abilities
 i - a potion of heal wounds
Books
 d - a book of Changes

   Spells                             Type                      Level
   a - Beastly Appendage              Transmutation                1
   b - Sticks to Snakes               Transmutation                2
   c - Spider Form                    Transmutation/Poison         3
   d - Ice Form                       Ice/Transmutation            4
   e - Blade Hands                    Transmutation                5
Comestibles
 a - a bread ration
 f - a royal jelly
 g - 5 meat rations
 j - 3 fruits


   Skills:
 + Level 3.4 Fighting
 + Level 3.9 Dodging
 - Level 3.2 Stealth
 - Level 3.0 Unarmed Combat
 - Level 2.0 Spellcasting
 - Level 2.0 Transmutations


You had 2 spell levels left.
You knew the following spells:

 Your Spells              Type           Power        Failure   Level  Hunger
a - Beastly Appendage     Trmt           #.....       12%         1    #......
b - Sticks to Snakes      Trmt           #.........   14%         2    ###....
c - Spider Form           Trmt/Pois      #.........   43%         3    ###....


Dungeon Overview and Level Annotations

Branches:
Dungeon (3/15)

Altars:
Cheibriados
Fedhas
Gozag
Okawaru
Qazlal
Sif Muna

Annotations:
D:3 Ijyb


Innate Abilities, Weirdness & Mutations

You cannot wear most types of armour.
You are amphibious.
You can wear up to eight rings at the same time.
You can use your tentacles to constrict many enemies at once.
Your skin changes colour to match your surroundings (Stealth).
Your rubbery body absorbs attacks (AC +1).


Message History

You tentacle-slap Ijyb.
Ijyb is severely wounded.
You constrict Ijyb, but do no damage. The giant cockroach bites you.
Ijyb hits you with an enchanted club.
You are too injured to fight recklessly!
You are too injured to fight recklessly!
You tentacle-slap Ijyb.
Ijyb is severely wounded.
You constrict Ijyb. The giant cockroach bites you.
You tentacle-slap Ijyb but do no damage.
Your squeeze misses Ijyb.
Ijyb is almost dead.
You constrict Ijyb. The giant cockroach bites you.
Ijyb hits you with an enchanted club.
* * * LOW HITPOINT WARNING * * *
The giant cockroach misses you.
You tentacle-slap Ijyb but do no damage.
Ijyb is almost dead.
You constrict Ijyb. Ijyb hits you with an enchanted club!
You die...

## .# [# #.# ####.# ##
#.# #....#####.# .## #.#
#.#s........ ..# #.#
####.#@........ .## #.#
#....#g...###.# .# #.#
#.#######..... .#
###(###....#....#.## .#
##........#.#...##># .#
#....######........#
.###..###......_..._..##
..#....................#
......###.##(._..⌠.._.#..


You could see Ijyb and a giant cockroach.

Vanquished Creatures
  The ghost of giann the Conjurer, an average TeCj (D:3)
  3 adders (D:2)
  2 worms (D:2)
  A giant gecko (D:1)
  An ooze (D:2)
  An orc (D:3)
  5 giant cockroaches
  9 goblins
  7 hobgoblins
  2 jackals (D:1)
  6 kobolds
  6 bats
  2 giant newts (D:1)
  8 rats
54 creatures vanquished.

Notes
Turn   | Place    | Note
--------------------------------------------------------------
     0 | D:1      | vatarom, the Octopode Transmuter, began the quest for the Orb.
     0 | D:1      | Reached XP level 1. HP: 13/13 MP: 3/3
   292 | D:1      | Reached XP level 2. HP: 11/18 MP: 2/4
   689 | D:1      | Reached skill level 1 in Stealth
   744 | D:1      | Reached XP level 3. HP: 24/24 MP: 6/6
   916 | D:2      | Learned a level 2 spell: Sticks to Snakes
   920 | D:2      | Learned a level 3 spell: Spider Form
  1050 | D:2      | Found an iron altar of Okawaru.
  1435 | D:2      | Reached XP level 4. HP: 22/30 MP: 7/7
  1905 | D:3      | Noticed giann's ghost (average TeCj)
  1923 | D:3      | HP: 1/45 [giann's ghost (3)]
  1927 | D:3      | Killed giann's ghost
  1927 | D:3      | Reached XP level 5. HP: 9/36 MP: 2/9
  2265 | D:3      | Found a deep blue altar of Sif Muna.
  2265 | D:3      | Found a blossoming altar of Fedhas.
  2266 | D:3      | Found an opulent altar of Gozag.
  2267 | D:3      | Found a stormy altar of Qazlal.
  2267 | D:3      | Found a snail-covered altar of Cheibriados.
  2361 | D:3      | Became a worshipper of Qazlal Stormbringer
  2375 | D:3      | Noticed Ijyb
  2385 | D:3      | Mangled by Ijyb

Action                   |  1- 3 |  4- 6 || total
-------------------------+-------+-------++-------
Melee: Unarmed           |    89 |    50 ||   139
 Cast: Beastly Appendage |     7 |     3 ||    10
       Sticks to Snakes  |       |     3 ||     3
       Spider Form       |       |     1 ||     1
  Use: Scroll            |     2 |     3 ||     5
       Potion            |     2 |     4 ||     6
 Stab: Sleeping          |     8 |     4 ||    12
       Invisible         |     1 |       ||     1
  Eat: Bread ration      |     1 |     1 ||     2
